 Dungeon Crawl Stone Soup version 0.28.0-43-g3370ac3207 (webtiles) character file.

Game seed: 1500096143538476529

940 cbfl8 the Sneak (level 7, -10/62 HPs)
             Began as a Minotaur Delver on Mar 1, 2022.
             Was an Initiate of Trog.
             Mangled by a two-headed ogre
             ... wielding a +0 giant spiked club
              (15 damage)
             ... on level 6 of the Dungeon.
             The game lasted 00:09:47 (5486 turns).

cbfl8 the Sneak (Minotaur Delver)                   Turns: 5486, Time: 00:09:48

Health: -10/62     AC: 12    Str: 18    XL:     7   Next: 88%
Magic:  6/6        EV: 12    Int:  7    God:    Trog [......]
Gold:   318        SH:  5    Dex: 24    Spells: 6/6 levels left

rFire   . . .      SeeInvis .   v - +0 war axe
rCold   . . .      Faith    .   (no shield)
rNeg    . . .      Spirit   .   j - +0 scale mail
rPois   .          Reflect  +   (helmet restricted)
rElec   .          Harm     .   (no cloak)
rCorr   .          Rampage  .   k - +1 pair of gloves
Will    .....                   C - +2 pair of boots
Stlth   ++........              B - amulet of reflection
HPRegen 0.20/turn               q - +6 ring of dexterity
MPRegen 0.10/turn               s - +6 ring of dexterity

@: no status effects
A: horns 2, retaliatory headbutt
a: Renounce Religion


You were on level 6 of the Dungeon.
You worshipped Trog.
Trog was noncommittal.
You visited 2 branches of the dungeon, and saw 8 of its levels.

You collected 318 gold pieces.

Inventory:

Hand Weapons
 a - a +0 hand axe
 f - a +0 mace
 i - a +0 falchion
 v - a +0 war axe (weapon)
Missiles
 y - a throwing net (quivered)
Armour
 b - a +0 leather armour
 j - a +0 scale mail (worn)
 k - a +1 pair of gloves (worn)
 C - a +2 pair of boots (worn)
Jewellery
 q - a +6 ring of dexterity (left hand)
 s - a +6 ring of dexterity (right hand)
 x - a ring of ice
 A - an amulet of the acrobat
 B - an amulet of reflection (around neck)
 D - a ring of protection from fire
Wands
 g - a wand of digging (3)
Scrolls
 c - 3 scrolls of fog
 e - a scroll of immolation {unknown}
 l - 5 scrolls of teleportation {unknown}
 m - a scroll of enchant armour {unknown}
 o - a scroll of fear
 p - a scroll of noise {unknown}
 r - a scroll of amnesia {unknown}
 t - a scroll of blinking {unknown}
 u - 2 scrolls of identify {unknown}
 w - 2 scrolls of acquirement {unknown}
Potions
 d - a potion of lignification {unknown}
 n - a potion of ambrosia
 z - 3 potions of curing {unknown}
 E - a potion of haste


   Skills:
 + Level 5.8 Fighting
 + Level 5.4(5.8) Axes
 + Level 2.7(4.4) Maces & Flails
 + Level 4.2 Armour
 + Level 3.2 Dodging
 + Level 6.1 Stealth
 + Level 0.3 Shields


You had 6 spell levels left.
You didn't know any spells.
Your spell library contained the following spells:

 Spells                   Type           Power      Damage    Failure   Level
 Pain                     Necr           0%         1d4       80%         1
 Agony                    Necr           0%         N/A       100%        5
 Excruciating Wounds      Necr           0%         N/A       100%        5


Dungeon Overview and Level Annotations

Branches:
Dungeon (7/15)             Temple (1/1) D:5

Altars:
Ashenzari
Cheibriados
Dithmenos
Elyvilon
Fedhas
Gozag
Hepliaklqana
Makhleb
Nemelex Xobeh
Qazlal
Ru
Sif Muna
Trog
Uskayaw
Vehumet
Wu Jian
Xom
Yredelemnul
Zin

Shops:
D:6 *


Innate Abilities, Weirdness & Mutations

You have a pair of horns on your head.
You reflexively headbutt those who attack you in melee.


Message History

There is an open door here.
There is an open door here.
You open the door.
There is an open door here.
w - 2 scrolls labelled TUFOX FEATECSO (gained 1)
You now have 318 gold pieces (gained 13).
Found a stone staircase leading down.
A two-headed ogre comes into view.
It is wielding a +0 giant spiked club and a +0 giant club.
The two-headed ogre shouts in stereo!
Okay, then.
You hit the two-headed ogre. You headbutt the two-headed ogre!
The two-headed ogre is moderately wounded.
The two-headed ogre hits you with a +0 giant spiked club.
The two-headed ogre hits you with a +0 giant club.
You hit the two-headed ogre.
The two-headed ogre is moderately wounded.
The two-headed ogre hits you with a +0 giant spiked club!
The two-headed ogre completely misses you.
You hit the two-headed ogre.
The two-headed ogre is heavily wounded.
The two-headed ogre barely misses you. x2
You feel much better.
The two-headed ogre hits you with a +0 giant spiked club!!
The two-headed ogre hits you with a +0 giant club!
You feel much better.
The two-headed ogre hits you with a +0 giant spiked club!!
The two-headed ogre hits you with a +0 giant club!
* * * LOW HITPOINT WARNING * * *
You feel much better.
You hit the two-headed ogre. You headbutt the two-headed ogre.
The two-headed ogre is heavily wounded.
The two-headed ogre hits you with a +0 giant spiked club!!
* * * LOW HITPOINT WARNING * * *
You block the two-headed ogre's attack.
You hit the two-headed ogre but do no damage.
You headbutt the two-headed ogre, but do no damage.
Your punch misses the two-headed ogre.
The two-headed ogre is heavily wounded.
The two-headed ogre hits you with a +0 giant spiked club!
You die...

##### #...# #.#.#
#.#.# #.#.# #.#.#
#.#.# #.#@# #.#O#
#.#.# #.#.#
#######.#.#
#.......#.#
########.#######.#
.............>...#
########.#########


You could see a two-headed ogre.

Vanquished Creatures
  4 ogres
  2 scorpions
  2 howler monkeys
  A bullfrog zombie (D:5)
  A centaur skeleton (D:5)
  2 iguanas
  2 orc priests
  3 orc wizards
  A scorpion zombie (D:5)
  A howler monkey skeleton (D:4)
  4 adders
  A white imp (D:4)
  An ufetubus (D:4)
  3 worms
  A dart slug (D:3)
  9 orcs
  5 endoplasms
  6 giant cockroaches
  6 goblins
  14 hobgoblins
  3 jackals (D:2)
  5 quokkas
  6 ball pythons
  4 bats
  2 frilled lizards (D:1)
  6 kobolds
  2 rats
  2 butterflies (D:5)
99 creatures vanquished.

Vanquished Creatures (others)
  3 plants (D:5)
3 creatures vanquished.

Grand Total: 102 creatures vanquished

Notes
Turn   | Place    | Note
-------+----------+-------------------------------------------
     0 | D:5      | cbfl8 the Minotaur Delver began the quest for the Orb.
     0 | D:5      | Reached XP level 1. HP: 19/19 MP: 0/0
   124 | D:4      | Noticed a howler monkey
   127 | D:4      | Noticed an ogre
   129 | D:4      | Killed a howler monkey
   130 | D:4      | Reached XP level 2. HP: 21/27 MP: 1/1
   130 | D:4      | Reached XP level 3. HP: 25/33 MP: 2/2
   458 | D:5      | Reached skill level 5 in Stealth
   458 | D:5      | Reached XP level 4. HP: 27/40 MP: 3/3
   726 | D:5      | Reached skill level 1 in Armour
   899 | D:5      | Found a shimmering altar of Xom.
   907 | D:5      | Reached XP level 5. HP: 47/47 MP: 4/4
  1065 | D:4      | You fall into a shaft and drop 3 floors!
  1098 | D:6      | Found Diuthrusa's General Store.
  1295 | D:4      | Reached XP level 6. HP: 36/53 MP: 5/5
  2104 | D:1      | Reached skill level 1 in Maces & Flails
  3068 | D:3      | Reached skill level 5 in Fighting
  3984 | D:3      | Found a bloodstained altar of Trog.
  4010 | D:3      | Became a worshipper of Trog the Wrathful
  4169 | D:4      | Reached XP level 7. HP: 40/61 MP: 6/6
  4235 | D:4      | Reached skill level 6 in Stealth
  4525 | D:4      | Found an opulent altar of Gozag.
  4589 | D:4      | Found a hide-covered altar of Uskayaw.
  5057 | D:5      | Found a staircase to the Ecumenical Temple.
  5074 | Temple   | Entered the Ecumenical Temple
  5133 | D:5      | Reached skill level 5 in Axes
  5472 | D:6      | Noticed a two-headed ogre
  5486 | D:6      | Mangled by a two-headed ogre

Illustrated notes

Levels and vault maps discovered:
D:1:      minmay_arrival_four_houses, layout_basic, minmay_circled_x
D:2:      layout_basic
D:3:      layout_rooms, trog_hazing_becter
D:4:      layout_basic, kennysheep_mini, lemuel_doored_altar,
          minmay_misc_feat_diagonals
D:5:      layout_loops_ring, mainiacjoe_overflow_alcove_1,
          minmay_temple_entry_butterflies, serial_bayou_pond_a
D:6:      layout_basic, mainiacjoe_overflow_cross_hatched, serial_shops,
          nicolae_stop_n_shop_1
D:7:      layout_gridville
Temple:   nicolae_temple_no_exploring_needed

Skill      XL: |  1  2  3  4  5  6  7 |
---------------+----------------------+-----
Fighting       | 4 5 |  5.8
Stealth        | 5 6 |  6.1
Armour         | 1 2 3 4 |  4.2
Axes           | 3 5 |  5.4
Dodging        | 3 |  3.2
Maces & Flails | 2 |  2.7
Shields        | |  0.3

Action                   |  1- 3 |  4- 6 |  7- 9 || total
-------------------------+-------+-------+-------++-------
Melee: Hand axe          |    14 |     1 |       ||    15
       Headbutt          |     3 |    37 |    16 ||    56
       Mace              |       |   147 |       ||   147
       Punch             |       |     2 |     2 ||     4
       War axe           |       |    18 |    62 ||    80
  Use: Potion            |     1 |     3 |     3 ||     7
       Scroll            |     1 |     1 |       ||     2
 Stab: Sleeping          |     1 |     3 |     3 ||     7
       Distracted        |       |       |     1 ||     1
Armor: Leather armour    |     2 |     2 |       ||     4
       Scale mail        |       |   101 |    30 ||   131
Dodge: Dodged            |     8 |   109 |    37 ||   154
Block: Other             |       |       |     9 ||     9
